 Dungeon Crawl Stone Soup version 0.30-a0-170-g85af917532 (webtiles) character file.

Game seed: 9081412029007819383

154 qw the Chopper (level 5, 0/32 HPs)
             Began as a Gargoyle Fighter on Sept 30, 2022.
             Killed by divine providence
             ... invoked by an orc priest
              (10 damage)
             ... on level 3 of the Dungeon.
             The game lasted 00:00:55 (2414 turns).

qw the Chopper (Gargoyle Fighter)                   Turns: 2414, Time: 00:00:55

Health: 0/32       AC: 12    Str: 21      XL:     5   Next: 36%
Magic:  5/5        EV:  9    Int:  9      God:
Gold:   118        SH:  4    Dex:  8 (9)  Spells: 4/4 levels left

rFire   . . .      SeeInvis .    Y - +0 war axe
rCold   . . .      Faith    .    c - +0 buckler
rNeg    + + .      Spirit   .    b - +0 scale mail
rPois   inf        Reflect  .    (no helmet)
rElec   +          Harm     .    (no cloak)
rCorr   .          Rampage  .    (no gloves)
Will    .....                    i - +0 pair of boots
Stlth   ..........               (no amulet)
HPRegen 0.10/turn                r - ring of positive energy
MPRegen 0.09/turn                (no ring)

@: no status effects
A: sickness immunity, AC +4, negative energy resistance 1, electricity
resistance, torment resistance 1, petrification resistance
a: no special abilities


You were on level 3 of the Dungeon.
You visited 1 branch of the dungeon, and saw 3 of its levels.

You collected 118 gold pieces.


Innate Abilities, Weirdness & Mutations

You are immune to sickness and miasma.
Your stone body is resilient. (AC +4)
You are immune to poison.
You resist negative energy. (rN+)
You are resistant to electric shocks. (rElec)
You are resistant to unholy torment.
You are immune to petrification.


   Skills:
 - Level 3.2 Fighting
 + Level 4.9 Axes
 - Level 3.2 Armour
 - Level 3.2 Shields


You had 4 spell levels left.
You didn't know any spells.
Your spell library was empty.

Inventory:

Hand Weapons
 o - a +0 flail
 Y - a +0 war axe (weapon)
Armour
 b - a +0 scale mail (worn)
 c - a +0 buckler (worn)
 i - a +0 pair of boots (worn)
Jewellery
 r - a ring of positive energy (left hand)
Scrolls
 n - a scroll of teleportation
 q - a scroll of identify
Potions
 d - a potion of might
 f - a potion of cancellation {unknown}
 g - a potion of heal wounds
 h - a potion of lignification {unknown}
 k - a potion of ambrosia {unknown}
 l - a potion of curing {unknown}

Dungeon Overview and Level Annotations

Branches:
Dungeon (3/15)

Altars:


Message History

The orc wizard gestures wildly while chanting.
The orc wizard flickers and vanishes!
Deactivating autopickup; reactivate with Ctrl-A.
You hit the orc priest.
The orc priest is moderately wounded.
You miss the orc.
The orc priest hits you but does no damage.
The orc misses you.
The orc priest invokes the aid of Beogh against you.
Pain shoots through your body! The orc closely misses you.
You bump into the rock wall.
The orc priest hits you but does no damage.
The orc priest begins to cast a cantrip, but forgets the words!
The orc hits you but does no damage.
You bump into the rock wall.
The orc barely misses you.
The orc priest looks encouraged for a moment.
You barely miss the orc priest.
The orc priest is moderately wounded.
You closely miss the orc. The orc hits you but does no damage.
The orc priest closely misses you.
You feel less confused.
You slash the orc priest!
You kill the orc priest!
You feel your intelligence returning.
You feel your dexterity returning.
You closely miss the orc. The orc barely misses you.
The orc closely misses you.
You slash the orc!
The orc is almost dead.
The orc hits you but does no damage.
You closely miss the orc.
The orc is almost dead.
The orc closely misses you.
You slash the orc!
You kill the orc!
You completely miss something. Something hits you but does no damage.
The orc priest calls down the wrath of Beogh upon you.
Beogh smites you!
You die...

##############
#....@)r.....#### #
#.#####o........# #
#.........######
o.o...)...............
#.#####...%<....######
####<#.#### # #.#.# #
##### #


You could see an orc priest and a rat.

Vanquished Creatures
  3 orc priests (D:3)
  An adder (D:2)
  A dart slug (D:1)
  4 orcs (D:3)
  6 ball pythons
  2 bats (D:2)
  5 endoplasms
  2 giant cockroaches
  6 hobgoblins
  A quokka (D:1)
  3 frilled lizards
  5 goblins
  5 kobolds
  6 rats
50 creatures vanquished.

Notes
Turn   | Place    | Note
-------+----------+-------------------------------------------
     0 | D:1      | qw the Gargoyle Fighter began the quest for the Orb.
     0 | D:1      | Reached XP level 1. HP: 14/14 MP: 1/1
     0 | D:1      | 0 ||| qw: Version: 0.2-a-12-gaebbb33
     0 | D:1      | 0 ||| qw: Game counter: 1647
     0 | D:1      | 0 ||| qw: Always use a shield: true
     0 | D:1      | 0 ||| qw: God list: Okawaru
     0 | D:1      | 0 ||| qw: Allow faded altars: false
     0 | D:1      | 0 ||| qw: Do Orc after D:15 true
     0 | D:1      | 0 ||| qw: Do second Lair branch before Depths: true
     0 | D:1      | 0 ||| qw: Lair rune preference: random
     0 | D:1      | 0 ||| qw: Plans: Normal, Zot:1-4, God:TSO, Crypt, Tomb,
                  | Pan, Slime:5, Hells, Abyss, Orb
     0 | D:1      | 0 ||| PLANNING D:1-11
   125 | D:1      | Reached skill level 2 in Axes
   192 | D:1      | 192 ||| DROPPING +0 club.
   282 | D:1      | Reached XP level 2. HP: 19/19 MP: 2/2
   706 | D:1      | 706 ||| Stepping ~*~*~tactically~*~*~ (stealth).
   715 | D:1      | 715 ||| Stepping ~*~*~tactically~*~*~ (stealth).
   716 | D:1      | 716 ||| Stepping ~*~*~tactically~*~*~ (stealth).
   720 | D:1      | 720 ||| Stepping ~*~*~tactically~*~*~ (stealth).
   721 | D:1      | 721 ||| Stepping ~*~*~tactically~*~*~ (stealth).
   841 | D:1      | 841 ||| Stepping ~*~*~tactically~*~*~ (hiding).
   843 | D:1      | 843 ||| Stepping ~*~*~tactically~*~*~ (hiding).
   849 | D:1      | Reached skill level 3 in Axes
  1123 | D:1      | 1123 ||| UPGRADING to +0 pair of boots.
  1128 | D:1      | 1128 ||| READING scroll labelled PILIOCOLIEPT.
  1129 | D:1      | 1129 ||| READING scroll labelled UPTAPINIFI.
  1130 | D:1      | 1130 ||| READING scroll labelled NURAPPEJOSH.
  1131 | D:1      | 1131 ||| READING scroll labelled RUTOB PATA.
  1149 | D:2      | Reached XP level 3. HP: 20/23 MP: 3/3
  1224 | D:2      | 1224 ||| Stepping ~*~*~tactically~*~*~ (stealth).
  1345 | D:2      | Found a faded altar of an unknown god.
  1422 | D:2      | 1422 ||| Stepping ~*~*~tactically~*~*~ (stealth).
  1423 | D:2      | 1423 ||| Stepping ~*~*~tactically~*~*~ (stealth).
  1575 | D:2      | 1575 ||| DROPPING +0 whip.
  1902 | D:2      | Reached XP level 4. HP: 26/28 MP: 4/4
  2011 | D:2      | 2011 ||| DROPPING ring of magical power.
  2012 | D:2      | 2012 ||| UPGRADING to ring of positive energy.
  2013 | D:2      | 2013 ||| READING scroll labelled YTREUMO CAEZ.
  2014 | D:2      | 2014 ||| READING scroll labelled ZELAOMI ORAE.
  2015 | D:2      | 2015 ||| DRINKING 2 yellow potions.
  2016 | D:2      | 2016 ||| DRINKING 3 metallic puce potions.
  2017 | D:2      | 2017 ||| DRINKING 3 brown potions.
  2018 | D:2      | 2018 ||| DROPPING potion of brilliance.
  2019 | D:2      | 2019 ||| DROPPING 2 potions of degeneration.
  2036 | D:3      | 2036 ||| STAIRDANCE
  2079 | D:3      | 2079 ||| Stepping ~*~*~tactically~*~*~ (hiding).
  2093 | D:3      | Reached skill level 4 in Axes
  2288 | D:3      | 2288 ||| Stepping ~*~*~tactically~*~*~ (stealth).
  2315 | D:3      | 2315 ||| Stepping ~*~*~tactically~*~*~ (stealth).
  2333 | D:3      | 2333 ||| Stepping ~*~*~tactically~*~*~ (hiding).
  2339 | D:3      | Reached XP level 5. HP: 32/32 MP: 5/5
  2382 | D:3      | 2382 ||| Stepping ~*~*~tactically~*~*~ (stealth).
  2387 | D:3      | 2387 ||| Stepping ~*~*~tactically~*~*~ (stealth).
  2389 | D:3      | 2389 ||| Stepping ~*~*~tactically~*~*~ (hiding).
  2398 | D:3      | HP: 7/32 [orc wizard/+0 dagger (2)]
  2399 | D:3      | 2399 ||| DRINKING 2 potions of heal wounds.
  2414 | D:3      | Killed from afar by an orc priest

Levels and vault maps discovered:
D:1:      dpeg_arrival_oval, layout_basic, minmay_misc_feat_chi
D:2:      layout_loops_ring, shapermc_ecumenical_altar_flowoftime,
          minmay_pentomino_o4
D:3:      layout_basic, nicolae_tso_carved_into_rock, uniq_jessica, uniq_robin

Skill      XL: |  1  2  3  4 |
---------------+-------------+-----
Axes           | 2 3 4 |  4.9
Fighting       | |  3.2
Armour         | |  3.2
Shields        | |  3.2

Action                   |  1- 3 |  4- 6 || total
-------------------------+-------+-------++-------
Melee: War axe           |   124 |    32 ||   156
  Use: Scroll            |     4 |     2 ||     6
       Potion            |       |     4 ||     4
Armor: Scale mail        |    60 |    24 ||    84
Dodge: Dodged            |    62 |    25 ||    87
Block: Buckler           |    17 |     7 ||    24

Table legend:
 A = Non-vault XP
 B = Vault XP
 C = Vault XP percentage of total XP
 D = Non-vault monster count
 E = Vault monster count
 F = Vault count percentage of total count
                 A         B        C        D         E       F
            +---------+---------+-------+---------+---------+-------
      Total |     203 |      18 |   8.1 |      47 |       3 |   6.0
            +---------+---------+-------+---------+---------+-------
        D:1 |      33 |       0 |   0.0 |      20 |       0 |   0.0
        D:2 |      31 |      18 |  36.7 |      19 |       3 |  13.6
        D:3 |     139 |       0 |   0.0 |       8 |       0 |   0.0
            +---------+---------+-------+---------+---------+-------
